 Dungeon Crawl Stone Soup version 0.17-a0-910-ga669010 (webtiles) character file.

36 hornqvist the Insei (level 3, 0/20 HPs)
             Began as a Vine Stalker Monk on May 2, 2015.
             Slain by a kobold
             ... wielding a +0 short sword
              (1 damage)
             ... on level 2 of the Dungeon.
             The game lasted 00:01:10 (1000 turns).

hornqvist the Insei (Vine Stalker Monk)             Turns: 1000, Time: 00:01:10

Health: 0/20       AC:  3    Str: 14    XL:     3   Next: 37%
Magic:  0/4        EV: 13    Int: 10    God:
Gold:   97         SH:  0    Dex: 16    Spells: 0 memorised, 2 levels left

rFire  . . .     SeeInvis .     q - +1 short sword (holy)
rCold  . . .     Clarity  .     l - +0 leather armour
rNeg   . . .     SustAb   .     (no shield)
rPois  .         Gourm    .     (no helmet)
rElec  .         Spirit   +     (no cloak)
rCorr  .         Warding  .     (no gloves)
rMut   .         Stasis   .     (no boots)
MR     .....                    (no amulet)
Stlth  ++........               (no ring)
                                (no ring)

@: slowed, very slow, not resistant to hostile enchantments, unstealthy
A: fangs 2, regeneration 1, magic shield, antimagic bite, no device heal 3, rot
immunity
a: no special abilities


You were on level 2 of the Dungeon.
You were not hungry.

You visited 1 branch of the dungeon, and saw 2 of its levels.

You collected 97 gold pieces.

Inventory:

Hand weapons
 q - a +1 short sword of holy wrath (weapon)
Armour
 a - a +0 robe
 l - a +0 leather armour (worn)
Jewellery
 e - an uncursed ring of teleport control
 p - an uncursed ring of flight {unknown}
Scrolls
 d - a scroll of teleportation {unknown}
 i - a scroll of remove curse {unknown}
 j - 3 scrolls of identify {unknown}
 m - 2 scrolls of enchant armour {unknown}
 n - a scroll of immolation {unknown}
 o - 2 scrolls of fear {unknown}
Potions
 c - a potion of beneficial mutation {unknown}
 h - a potion of agility {unknown}
 r - a potion of poison {unknown}
Comestibles
 b - a bread ration
 f - 2 meat rations
 g - a royal jelly
 k - a beef jerky


   Skills:
 + Level 3.0 Fighting
 + Level 0.8 Armour
 + Level 2.7 Dodging
 + Level 3.2 Stealth
 - Level 4.0 Unarmed Combat


You had 2 spell levels left.
You didn't know any spells.

Dungeon Overview and Level Annotations

Branches:
Dungeon (2/15)

Altars:
Cheibriados


Innate Abilities, Weirdness & Mutations

You have extremely sharp teeth.
Your natural rate of healing is unusually fast.
When hurt, damage is shared between your health and your magic reserves.
Your bite disrupts and absorbs the magic of your enemies.
Potions and wands cannot restore your health.
You are immune to rotting.


Message History

You are too injured to fight recklessly!
You are too injured to fight recklessly!
You are too injured to fight recklessly!
You are too injured to fight recklessly!
You are too injured to fight recklessly!
You are too injured to fight recklessly!
You are too injured to fight recklessly!
You are too injured to fight recklessly!
You are too injured to fight recklessly!
You are too injured to fight recklessly!
You are too injured to fight recklessly!
You are too injured to fight recklessly!
You are too injured to fight recklessly!
You are too injured to fight recklessly!
Unknown command.
You are too injured to fight recklessly!
The gnoll zaps a wand.
You feel as though you will be slow longer.
The kobold hits you with a short sword.
You die...

#........#
#.######.#
#.# #.# #.#
######### #.#
#.#.....#
#.###.#.._..#
#.....#g)g..#
#####.#.(K..#
###.###@### #
#.......# ##
#.#...#.##
####.
#........+
+....
#.#...#.##
####.
#.#..##.# ##
#.......# #
####.#### #.#
#+#########


You could see a gnoll, a goblin and a kobold.

Vanquished Creatures
  A worm (D:2)
  3 giant geckos
  4 bats (D:1)
  4 goblins (D:1)
  6 hobgoblins
  2 jackals (D:1)
  A ball python (D:1)
  2 giant cockroaches (D:1)
  2 giant newts (D:1)
  2 kobolds
  2 rats (D:1)
29 creatures vanquished.

Notes
Turn   | Place    | Note
--------------------------------------------------------------
     0 | D:1      | hornqvist, the Vine Stalker Monk, began the quest for the Orb.
     0 | D:1      | Reached XP level 1. HP: 11/11 MP: 2/2
   123 | D:1      | Reached XP level 2. HP: 14/16 MP: 3/3
   662 | D:1      | Reached XP level 3. HP: 17/19 MP: 4/4
   987 | D:2      | Found a snail-covered altar of Cheibriados.
   999 | D:2      | HP: 1/20 [gnoll (6)]
  1000 | D:2      | Slain by a kobold

Action                   || total
-------------------------++-------
Melee: Unarmed           ||    92
       Short sword       ||    10
 Stab: Distracted        ||     1
       Sleeping          ||     2
